cohdb
Replays
Latest Replays
All Replays
Popular Replays
Top Player Replays
Match Explorer
How It Works
Community
CoH3 Stats
Reddit
Sign in to upload your games and track your stats! →
Sign in with Steam
Match 40100452
Unlisted
Match 40100452
Overview
Messages
Build Orders
End
Construct Section Command Post
Infantry Section
Infantry Section
Grenade Package
Infantry Section
Selects Australian Defense Battlegroup
Selects Australian Light Infantry Section
Selects 2-pounder Anti-tank Gun Team
2-pounder Anti-tank Gun Team
Construct Platoon Command Post
CMP 15cwt Truck
Royal Engineer Section
Australian Light Infantry Section
CMP 15cwt Truck
ML 3-inch Mortar Team
Construct Company Command Post
Selects CMP 15cwt Supply Run
Selects Reinforced Resource Caches
Australian Light Infantry Section
2-pounder Anti-tank Gun Team
Vickers Machine Gun Team
Particycles
Svenious Jakobus (GB)
.
Pupu Mr. Panda
shor
ZIZI
0
0
Comments
sign in to comment!
No comments posted yet!